 Dungeon Crawl Stone Soup version 0.27-a0-994-g5030419646 (webtiles) character file.

Game seed: 12210753848355652862

193 Ijustatesigmund the Skirmisher (level 5, -1/42 HPs)
             Began as a Demonspawn Fighter on Apr 16, 2021.
             Slain by an ogre
             ... wielding a +0 giant club
              (13 damage)
             ... on level 3 of the Dungeon.
             The game lasted 00:05:40 (4202 turns).

Ijustatesigmund the Skirmisher (Demonspawn Fighter) Turns: 4202, Time: 00:05:41

Health: -1/42      AC: 10    Str: 15 (17) XL:     5   Next: 44%
Magic:  14/14      EV:  4    Int:  7 (9)  God:
Gold:   117        SH:  8    Dex: 13 (15) Spells: 4/4 levels left

rFire    . . .     SeeInvis .   a - +0 war axe
rCold    . . .     Faith    .   c - +0 kite shield
rNeg     . . .     Spirit   .   b - +0 chain mail
rPois    .         Reflect  .   (helmet restricted)
rElec    .         Harm     .   j - +0 cloak
rCorr    .         Rampage  .   (no gloves)
Will     .....                  (no boots)
Stlth    ..........             f - amulet of the acrobat
HPRegen  0.14/turn              h - ring of wizardry
MPRegen  0.14/turn              k - ring of magical power

@: no status effects
A: antennae 1, thin skeletal structure 1, powered by death 1
a: no special abilities


You were on level 3 of the Dungeon.
You visited 1 branch of the dungeon, and saw 4 of its levels.

You collected 117 gold pieces.

Inventory:

Hand Weapons
 a - a +0 war axe (weapon)
Armour
 b - a +0 chain mail (worn)
 c - a +0 kite shield (worn)
 j - a +0 cloak (worn)
Jewellery
 f - an amulet of the acrobat (around neck)
 h - a ring of wizardry (left hand)
 k - a ring of magical power (right hand)
Scrolls
 g - a scroll of identify
 i - a scroll of fog {unknown}
Potions
 e - a potion of brilliance


   Skills:
 + Level 4.0 Fighting
 * Level 3.8 Axes
 - Level 2.6 Armour
 + Level 2.1 Dodging
 - Level 2.6 Shields


You had 4 spell levels left.
You didn't know any spells.
Your spell library was empty.

Dungeon Overview and Level Annotations

Branches:
Dungeon (4/15)
 Temple: D:4-7

Altars:
Kikubaaqudgha
Vehumet
Zin


Innate Abilities, Weirdness & Mutations

You have a pair of small antennae on your head.
You have a somewhat thin skeletal structure. (Dex +2, Stealth)
You regenerate a little health from kills.


Message History

You see here a +0 club.
There is a stone staircase leading down here.
You climb downwards.
An endoplasm, a kobold and an ogre come into view.
The kobold shouts!
The endoplasm quivers.
The ogre shouts!
You hear a shout!
You hear an angry hiss.
Found a war axe.
There is a stone staircase leading up here.
You slash the ogre!
The ogre is moderately wounded.
The ogre hits you with a +0 giant club!!
You hit the ogre.
The ogre is heavily wounded.
Your shield and chain mail prevent you from hitting the endoplasm.
The endoplasm hits you but does no damage.
The kobold throws a stone.
You block the stone. The ogre hits you with a +0 giant club.
The endoplasm hits you but does no damage.
An orc wizard comes into view. It is wielding a +0 dagger.
The ogre hits you with a +0 giant club.
The endoplasm hits you but does no damage.
You climb upwards.
There is a stone staircase leading down here.
It was a potion of heal wounds.
You feel much better. The ogre hits you with a +0 giant club!
You closely miss the ogre.
The ogre is heavily wounded.
The ogre hits you with a +0 giant club!!
* * * LOW HITPOINT WARNING * * *
You hit the ogre.
The ogre is heavily wounded.
The ogre barely misses you.
Your chain mail prevents you from hitting the ogre.
The ogre is heavily wounded.
You block the ogre's attack.
You hit the ogre.
The ogre is severely wounded.
The ogre hits you with a +0 giant club!
You die...

#######.######§≈≈≈≈§≈
#..............≈≈⌠.§≈
#.#####.#.###..§≈_>§≈ #.#
#.#.###..≈§≈≈≈≈ #.#
###........§≈≈≈≈≈
#######.###.......#..§.....
#........)..#.#.#<......)..
#.#####>####....###..##....
#.# #.JO@.....###..##....
##.##########.........####.#
#.......# ##........# #.#
#.......# #.######## #.#
#.......# #.# #.. #.......#
##+## ##. #.......# ##...##
#. #.......# ##.....## ####.
#.......###.......## ##.##.


You could see an ogre and an endoplasm.

Vanquished Creatures
  A bullfrog zombie (D:2)
  An orc priest (D:3)
  Terence (D:2)
  3 adders
  3 dart slugs
  3 orcs (D:3)
  8 bats
  9 endoplasms
  4 giant cockroaches
  5 goblins
  6 hobgoblins
  4 jackals (D:1)
  6 kobolds
  4 quokkas
  4 ball pythons
  A frilled lizard (D:1)
  3 rats
66 creatures vanquished.

Notes
Turn   | Place    | Note
-------+----------+-------------------------------------------
     0 | D:1      | Ijustatesigmund the Demonspawn Fighter began the quest for
                  | the Orb.
     0 | D:1      | Reached XP level 1. HP: 18/18 MP: 1/1
   231 | D:1      | Gained mutation: You have a somewhat thin skeletal
                  | structure. (Dex +2, Stealth) [demonic ancestry]
   231 | D:1      | Reached XP level 2. HP: 24/24 MP: 2/2
   537 | D:1      | Reached skill level 1 in Dodging
   538 | D:1      | Gained mutation: You regenerate a little health from kills.
                  | [demonic ancestry]
   538 | D:1      | Reached XP level 3. HP: 23/29 MP: 3/3
   699 | D:1      | You fall into a shaft and drop 1 floor!
   754 | D:2      | Gained mutation: You have a pair of small antennae on your
                  | head. [demonic ancestry]
   754 | D:2      | Reached XP level 4. HP: 13/35 MP: 4/4
  2025 | D:2      | Noticed Terence
  2038 | D:2      | Killed Terence
  2677 | D:3      | Found an ancient bone altar of Kikubaaqudgha.
  2713 | D:3      | Reached XP level 5. HP: 41/42 MP: 5/5
  2728 | D:3      | Found a radiant altar of Vehumet.
  3848 | D:3      | Reached skill level 4 in Fighting
  4190 | D:4      | Noticed an ogre
  4202 | D:3      | Slain by an ogre

Illustrated notes

Levels and vault maps discovered:
D:1:      zelgadis_glass_arrival_large, layout_basic
D:2:      layout_basic, minmay_misc_feat_four_crosses, minmay_misc_feat_iff,
          uniq_terence
D:3:      layout_loops_corners, general_overflow_altar,
          gammafunk_temple_overflow_wave, kennysheep_generic_room_8
D:4:      layout_basic, fedhas_altar_decomposition, minmay_misc_feat_square,
          minmay_manual_mess

Skill      XL: |  1  2  3  4  5 |
---------------+----------------+-----
Axes           | 2 3 |  3.8
Dodging        | 1 2 |  2.1
Fighting       | 4 |  4.0
Armour         | |  2.6
Shields        | |  2.6

Action                   |  1- 3 |  4- 6 || total
-------------------------+-------+-------++-------
Melee: War axe           |    63 |   157 ||   220
  Use: Scroll            |     2 |     1 ||     3
       Potion            |     1 |     4 ||     5
Armor: Scale mail        |    28 |       ||    28
       Chain mail        |       |    98 ||    98
Dodge: Dodged            |    34 |    44 ||    78
Block: Kite shield       |    40 |    84 ||   124

Table legend: (Time is in decaauts)
 A = Elapsed time spent in this place.
 B = Non-inter-level travel time spent in this place.
 C = Inter-level travel time spent in this place.
 D = Time resting spent in this place.
 E = Time spent auto-exploring this place.
 F = Levels seen in this place.
 G = Mean time per level.
                   A        B        C        D        E       F      G
               +--------+--------+--------+--------+--------+-----+--------+
         Total |   4332 |   4116 |    216 |    792 |   2735 |   4 | 1083.0 |
       Dungeon |   4332 |   4116 |    216 |    792 |   2735 |   4 | 1083.0 |
               +--------+--------+--------+--------+--------+-----+--------+

Top non-repeatable levels by time:
     D:3: 1721 daAuts
     D:2: 1533 daAuts
     D:1: 1073 daAuts
     D:4: 4 daAuts
